 Dungeon Crawl Stone Soup version 0.32-a0-7-ge934b4519a (webtiles) character file.

Game seed: 410077404278535386

114 CougarLife the Shield-Bearer (level 4, -1/41 HPs)
             Began as a Gnoll Fighter on Jan 14, 2024.
             Slain by a gnoll
             ... wielding a +0 flail
              (7 damage)
             ... on level 3 of the Dungeon.
             The game lasted 00:01:39 (1552 turns).

CougarLife the Shield-Bearer (Gnoll Fighter)        Turns: 1552, Time: 00:01:39

Health: -1/41      AC: 10    Str: 18    XL:     4   Next: 98%
Magic:  5/6        EV:  9    Int:  7    God:
Gold:   199        SH:  5    Dex: 11    Spells: 5/5 levels left

rFire   . . .        a - +0 war axe
rCold   . . .        c - +0 buckler
rNeg    . . .        b - +0 scale mail
rPois   .            i - +1 helmet
rElec   .            (no cloak)
rCorr   .            (no gloves)
SInv    .            (no boots)
Will    .....        (no amulet) Stlth
                     (no ring)
HPRegen 0.26/turn    (no ring)
MPRegen 0.10/turn

%: no passive effects
@: no status effects
A: fangs 1, strong nose, distributed training
a: no special abilities


You were on level 3 of the Dungeon.
You visited 1 branch of the dungeon, and saw 3 of its levels.

You collected 199 gold pieces.

Inventory:

Hand Weapons
 a - a +0 war axe (weapon)
Missiles
 o - 5 poisoned darts (quivered)
Armour
 b - a +0 scale mail (worn)
 c - a +0 buckler (worn)
 i - a +1 helmet (worn)
Jewellery
 e - a ring of fire
 t - a ring of protection from cold
Scrolls
 f - a scroll of brand weapon {unknown}
 g - 2 scrolls of enchant weapon {unknown}
 l - a scroll of enchant armour {unknown}
 m - 2 scrolls of teleportation {unknown}
 p - a scroll of blinking {unknown}
 q - 3 scrolls of identify {unknown}
Potions
 d - a potion of might
 h - a potion of cancellation {unknown}
 j - a potion of berserk rage {unknown}
 k - a potion of brilliance {unknown}
 n - 2 potions of curing {unknown}
 r - a potion of enlightenment {unknown}
 s - a potion of heal wounds {unknown}


   Skills:
 + Level 6.6 Fighting
 + Level 1.3 Short Blades
 + Level 1.3 Long Blades
 + Level 4.7 Axes
 + Level 1.3 Maces & Flails
 + Level 1.3 Polearms
 + Level 1.3 Staves
 + Level 1.3 Ranged Weapons
 + Level 1.3 Throwing
 + Level 6.6 Armour
 + Level 1.3 Dodging
 + Level 1.3 Stealth
 + Level 6.6 Shields
 + Level 1.3 Unarmed Combat
 + Level 1.3 Spellcasting
 + Level 1.1 Conjurations
 + Level 1.1 Hexes
 + Level 1.1 Summonings
 + Level 1.1 Necromancy
 + Level 1.1 Translocations
 + Level 1.1 Fire Magic
 + Level 1.1 Ice Magic
 + Level 1.1 Air Magic
 + Level 1.1 Earth Magic
 + Level 1.1 Alchemy
 + Level 1.5 Invocations
 + Level 1.3 Evocations
 + Level 1.2 Shapeshifting


You had 5 spell levels left.
You didn't know any spells.
Your spell library contained the following spells:

 Spells                   Type           Power      Damage    Failure   Level
 Kiss of Death            Conj/Necr      8%         2d6       65%         1
 Confusing Touch          Hex            2%         N/A       95%         3
 Dispel Undead            Necr           2%         3d7       100%        4


Dungeon Overview and Level Annotations

Branches:
Dungeon (3/15)

Altars:


Innate Abilities, Weirdness & Mutations

You have very sharp teeth.
Your uncanny sense of smell can sniff out nearby items.
Your experience applies equally to all skills.


Message History

You slash the gnoll!
You kill the gnoll!
You hit the gnoll.
You hear a shout!
The gnoll barely misses you.
You hear a shout!
You barely miss the gnoll.
The gnoll is severely wounded.
A gnoll comes into view. It is wielding a +0 flail.
The gnoll closely misses you. The gnoll barely misses you.
You barely miss the gnoll.
The gnoll is severely wounded.
You hit the gnoll but do no damage. The gnoll hits you but does no damage.
The gnoll hits you with a +0 flail.
You barely miss the gnoll.
The gnoll is severely wounded.
You hit the gnoll. The gnoll closely misses you.
The gnoll hits you with a +0 flail.
You hit the gnoll. Your bite misses the gnoll.
The gnoll is almost dead.
You hit the gnoll. The gnoll hits you with a +0 flail.
The gnoll barely misses you. The gnoll hits you with a +0 flail!
* * * LOW HITPOINT WARNING * * *
The gnoll hits you but does no damage.
You hit the gnoll but do no damage.
The gnoll is severely wounded.
You hit the gnoll.
You kill the gnoll!
The gnoll barely misses you.
You barely miss the gnoll.
The gnoll is severely wounded.
The gnoll hits you with a +0 flail!
* * * LOW HITPOINT WARNING * * *
You closely miss the gnoll. You bite the gnoll, but do no damage.
The gnoll is severely wounded.
The gnoll hits you but does no damage.
You closely miss the gnoll. Your bite misses the gnoll.
The gnoll is severely wounded.
The gnoll hits you with a +0 flail!
You die...

#.# #####.##
#....... #.# #.##
#### #.# #.#. ...##
##.###.#.
###+###..###...##...
#.g...##.##..#..#.##
#@#..#....###...#
∆#)#.#)'.##..#.[#.#
..#.#.†#.##.......#
##...$.##.##.#.###.#
###+###..##.#.# #.#
.###.#.. ..# #.
#.#####>. .. #.# ###
∆ #. #..


You could see a gnoll.

Vanquished Creatures
  Jessica (D:2)
  2 gnolls (D:3)
  An adder (D:2)
  A dart slug (D:1)
  2 orcs (D:3)
  4 bats
  8 endoplasms
  3 giant cockroaches (D:1)
  7 goblins
  9 hobgoblins
  3 quokkas
  A ball python (D:1)
  3 frilled lizards
  2 kobolds (D:1)
  4 rats
51 creatures vanquished.

Notes
Turn   | Place    | Note
-------+----------+-------------------------------------------
     0 | D:1      | CougarLife the Gnoll Fighter began the quest for the Orb.
     0 | D:1      | Reached XP level 1. HP: 23/23 MP: 1/1
   138 | D:1      | Reached XP level 2. HP: 28/29 MP: 2/2
   335 | D:1      | Reached XP level 3. HP: 33/35 MP: 3/3
   796 | D:2      | Reached skill level 1 in Invocations
   877 | D:2      | Noticed Jessica
   879 | D:2      | Reached skill level 1 in Short Blades
   879 | D:2      | Reached skill level 1 in Long Blades
   879 | D:2      | Reached skill level 1 in Maces & Flails
   879 | D:2      | Reached skill level 1 in Polearms
   879 | D:2      | Reached skill level 1 in Staves
   879 | D:2      | Reached skill level 1 in Ranged Weapons
   879 | D:2      | Reached skill level 1 in Throwing
   879 | D:2      | Reached skill level 1 in Dodging
   879 | D:2      | Reached skill level 1 in Stealth
   879 | D:2      | Reached skill level 1 in Unarmed Combat
   879 | D:2      | Reached skill level 1 in Spellcasting
   879 | D:2      | Reached skill level 1 in Evocations
   889 | D:2      | Killed Jessica
   890 | D:2      | Reached skill level 1 in Shapeshifting
   890 | D:2      | Reached XP level 4. HP: 28/41 MP: 5/5
  1111 | D:2      | Reached skill level 1 in Conjurations
  1111 | D:2      | Reached skill level 1 in Hexes
  1111 | D:2      | Reached skill level 1 in Summonings
  1111 | D:2      | Reached skill level 1 in Necromancy
  1111 | D:2      | Reached skill level 1 in Translocations
  1111 | D:2      | Reached skill level 1 in Fire Magic
  1111 | D:2      | Reached skill level 1 in Ice Magic
  1111 | D:2      | Reached skill level 1 in Air Magic
  1111 | D:2      | Reached skill level 1 in Earth Magic
  1111 | D:2      | Reached skill level 1 in Alchemy
  1497 | D:3      | Identified the +1 leather armour of the Jabberwock {^Drain
                  | rElec rC+++ MP+9}
  1552 | D:3      | Slain by a gnoll

Illustrated notes

Levels and vault maps discovered:
D:1:      lemuel_arrival_muddy, layout_basic
D:2:      layout_basic, uniq_jessica
D:3:      layout_loops_ring, serial_shops, shop, minmay_box_of_dots

Skill      XL: |  1  2  3  4 |
---------------+-------------+-----
Invocations    | 1 |  1.5
Short Blades   | 1 |  1.3
Long Blades    | 1 |  1.3
Maces & Flails | 1 |  1.3
Polearms       | 1 |  1.3
Staves         | 1 |  1.3
Ranged Weapons | 1 |  1.3
Throwing       | 1 |  1.3
Dodging        | 1 |  1.3
Stealth        | 1 |  1.3
Unarmed Combat | 1 |  1.3
Spellcasting   | 1 |  1.3
Evocations     | 1 |  1.3
Shapeshifting  | 1 |  1.2
Conjurations   | 1 |  1.1
Hexes          | 1 |  1.1
Summonings     | 1 |  1.1
Necromancy     | 1 |  1.1
Translocations | 1 |  1.1
Fire Magic     | 1 |  1.1
Ice Magic      | 1 |  1.1
Air Magic      | 1 |  1.1
Earth Magic    | 1 |  1.1
Alchemy        | 1 |  1.1
Fighting       | |  6.6
Axes           | |  4.7
Armour         | |  6.6
Shields        | |  6.6

Action                     |  1- 3 |  4- 6 || total
---------------------------+-------+-------++-------
  Melee: War axe           |    81 |    50 ||   131
         Bite              |     7 |     5 ||    12
 Armour: Scale mail        |    59 |    42 ||   101
  Dodge: Dodged            |    36 |    20 ||    56
  Block: Buckler           |    18 |    15 ||    33

Table legend: (Time is in decaauts)
 A = Elapsed time spent in this place.
 B = Non-inter-level travel time spent in this place.
 C = Inter-level travel time spent in this place.
 D = Time resting spent in this place.
 E = Time spent auto-exploring this place.
 F = Levels seen in this place.
 G = Mean time per level.
                   A        B        C        D        E       F      G
               +--------+--------+--------+--------+--------+-----+--------+
         Total |   1593 |   1547 |     46 |      0 |   1197 |   3 |  531.0 |
       Dungeon |   1593 |   1547 |     46 |      0 |   1197 |   3 |  531.0 |
               +--------+--------+--------+--------+--------+-----+--------+

Top non-repeatable levels by time:
     D:2: 632 daAuts
     D:1: 598 daAuts
     D:3: 362 daAuts
